 Dungeon Crawl Stone Soup version 0.28.0 (webtiles) character file.

Game seed: 9002652673202796742

2883 Kaptain the Geomancer (level 9, -5/52 HPs)
             Began as a Gargoyle Earth Elementalist on Feb 7, 2022.
             Slain by an orc sorcerer (9 damage)
             ... while paralysed by an orc sorcerer
             ... in a bailey.
             The game lasted 00:21:08 (8102 turns).

Kaptain the Geomancer (Gargoyle Earth Elementalist) Turns: 8102, Time: 00:21:09

Health: -5/52      AC: 13    Str: 13    XL:     9   Next: 76%
Magic:  6/17       EV:  2    Int: 19    God:
Gold:   216        SH:  0    Dex: 10    Spells: 15/19 levels left

rFire   . . .      SeeInvis .   G - +2 hand axe (venom)
rCold   + . .      Faith    .   (no shield)
rNeg    + . .      Spirit   .   s - +0 leather armour
rPois   ∞          Reflect  .   (no helmet)
rElec   +          Harm     .   (no cloak)
rCorr   .          Rampage  .   r - +2 pair of gloves
Will    .....                   (no boots)
Stlth   ++........              (no amulet)
HPRegen 0.17/turn               a - ring of protection from cold
MPRegen 0.15/turn               k - ring of wizardry

@: paralysed
A: sickness immunity, AC +6, negative energy resistance 1, electricity
resistance, torment resistance 1, petrification resistance
a: no special abilities


You were in a bailey.
You visited 1 branch of the dungeon, and saw 7 of its levels.
You also visited: Sewer and Bailey.

You collected 216 gold pieces.

Inventory:

Hand Weapons
 d - a +0 short sword
 j - a +0 trident
 m - a +2 whip of flaming
 G - a +2 hand axe of venom (weapon)
 H - a +4 battleaxe
 J - a +4 war axe
 K - the +8 shortbow of Enta {vorpal, rF- Will- Int+10 Dex+5}
   (You took it off an orc warrior in a bailey)

   Any ammunition fired from it inflicts extra damage upon your enemies.
   Int:       It affects your intelligence (+10).
   Dex:       It affects your dexterity (+5).
   rF:        It makes you vulnerable to fire.
   Will:      It decreases your willpower.
Missiles
 c - 71 stones
Armour
 r - a +2 pair of gloves (worn)
 s - a +0 leather armour (worn)
 D - the +0 robe of Tenacity {Int+6}
   (You found it on level 6 of the Dungeon)

   Int:       It affects your intelligence (+6).
Magical Staves
 v - a staff of death
Jewellery
 a - a ring of protection from cold (left hand)
 k - a ring of wizardry (right hand)
 F - a ring of see invisible
Wands
 l - a wand of flame (41)
 p - a wand of digging (5)
 w - a wand of acid (10)
Scrolls
 f - a scroll of teleportation
 g - 3 scrolls of enchant armour
 i - 2 scrolls of magic mapping
 x - a scroll of fear {unknown}
 y - a scroll of fog {unknown}
 A - a scroll of noise {unknown}
 C - a scroll of torment {unknown}
 E - a scroll of vulnerability {unknown}
 I - a scroll of acquirement
Potions
 b - 2 potions of lignification {unknown}
 e - 4 potions of mutation
 h - a potion of magic {unknown}
 n - a potion of attraction {unknown}
 o - a potion of ambrosia {unknown}
 q - a potion of curing {unknown}
 t - a potion of brilliance {unknown}
 u - 2 potions of haste {unknown}
 z - 2 potions of heal wounds
 B - a potion of might {unknown}


   Skills:
 + Level 4.2 Fighting
 + Level 4.2 Armour
 + Level 3.8 Dodging
 + Level 5.3 Stealth
 * Level 5.7 Spellcasting
 * Level 6.1 Conjurations
 - Level 0.7 Transmutations
 * Level 8.0 Earth Magic


You had 15 spell levels left.
You knew the following spells:

 Your Spells              Type           Power      Damage    Failure   Level
a - Sandblast             Erth           70%        2d15      1%          1
b - Stone Arrow           Conj/Erth      64%        3d11      1%          3

Your spell library contained the following spells:

 Spells                   Type           Power      Damage    Failure   Level
 Magic Dart               Conj           100%       1d8       1%          1
 Passwall                 Tmut/Erth      18%        N/A       1%          2
 Searing Ray              Conj           56%        2d6       1%          2
 Summon Small Mammal      Summ           20%        N/A       6%          1
 Petrify                  Tmut/Erth      22%        N/A       10%         4
 Call Canine Familiar     Summ           5%         N/A       16%         3
 Summon Guardian Golem    Hex/Summ       5%         N/A       16%         3
 Fulminant Prism          Conj/Hex       8%         3d7       16%         4


Dungeon Overview and Level Annotations

Branches:
Dungeon (7/15)             Temple (0/1) D:7           Sewer (visited)
 Bailey (1/1)

Altars:
Gozag
Okawaru

Annotations:
D:5 1 runed translucent door, Tzialkovskiy's ghost, novice GrFi


Innate Abilities, Weirdness & Mutations

You are immune to sickness and miasma.
Your stone body is resilient. (AC +6)
You are immune to poison.
You resist negative energy. (rN+)
You are resistant to electric shocks. (rElec)
You are resistant to unholy torment.
You are immune to petrification.


Message History

Press: ? - help, Shift-Dir - straight line, f/p - orc sorcerer
Aim: an orc sorcerer, wielding a +0 broad axe and wearing a +0 scale mail (64% to hit)
The puff of flame hits the orc sorcerer but does no damage.
Casting: Stone Arrow (safe; 1% risk of failure)
Confirm with . or Enter, or press ? or * to list all spells.
Aiming: Stone Arrow (safe; 1% risk of failure)
Press: ? - help, Shift-Dir - straight line, f/p - orc sorcerer
Aim: an orc sorcerer, wielding a +0 broad axe and wearing a +0 scale mail (71% to hit)
The stone arrow hits the orc sorcerer!
The orc sorcerer is heavily wounded.
Casting: Stone Arrow (safe; 1% risk of failure)
Confirm with . or Enter, or press ? or * to list all spells.
Aiming: Stone Arrow (safe; 1% risk of failure)
Press: ? - help, Shift-Dir - straight line, f/p - orc sorcerer
Aim: an orc sorcerer, wielding a +0 broad axe and wearing a +0 scale mail (heavily wounded, 71% to hit)
The stone arrow hits the orc sorcerer!
The orc sorcerer is almost dead.
The orc sorcerer completely misses you.
Unknown command.
Casting: Stone Arrow (safe; 1% risk of failure)
Confirm with . or Enter, or press ? or * to list all spells.
Aiming: Stone Arrow (safe; 1% risk of failure)
Press: ? - help, Shift-Dir - straight line, f/p - orc sorcerer
Aim: an orc sorcerer, wielding a +0 broad axe and wearing a +0 scale mail (severely wounded, 71% to hit)
The stone arrow hits the orc sorcerer.
The orc sorcerer is almost dead.
The orc sorcerer casts a spell at you.
You suddenly lose the ability to move!
The orc sorcerer hits you with a +0 broad axe!
The orc sorcerer casts a spell at you. The bolt of fire hits you!!
Ouch! That really hurt!
* * * LOW HITPOINT WARNING * * *
The orc sorcerer hits you but does no damage.
The orc sorcerer points at you and mumbles some strange words.
You shrug off the repeated paralysis!
The orc sorcerer hits you with a +0 broad axe!
* * * LOW HITPOINT WARNING * * *
The orc sorcerer hits you with a +0 broad axe!
You die...

≈≈≈≈≈≈≈≈≈≈≈≈≈≈≈≈≈≈≈≈
≈≈≈≈≈≈≈≈≈≈≈≈≈≈≈≈≈≈≈≈
≈≈≈≈≈≈≈≈≈≈≈≈≈≈≈≈≈≈≈
≈≈≈≈≈≈≈≈≈≈≈≈≈≈≈≈≈≈≈
#≈≈≈≈≈≈≈≈≈≈≈≈≈###### ≈≈≈#
'........[....'..#.# ≈≈≈≈#
###############..#'#≈≈≈≈≈#
#....)..#.....'....#≈≈≈≈≈#
#.8.8.8.'.....#.@o.#≈≈≈≈≈#
#...##############)#≈≈≈≈≈#
....# +?!#)≈≈≈≈≈≈# ....#
#?!#.≈≈≈≈≈≈# #####
#..#.≈≈≈≈≈≈# ...# .
#########.≈≈≈≈≈≈# ...#
....#..8.8..#o≈≈≈≈≈≈# ⌠..#
gg_.oo.......∩≈≈≈≈≈≈# ...#
....#..8.8..#.≈≈≈≈≈≈#


You could see an orc sorcerer.

Vanquished Creatures
  An orc sorcerer (Bailey)
  A wyvern (D:5)
  A water moccasin (D:6)
  7 orc warriors (Bailey)
  A sky beast (D:6)
  A centaur (D:6)
  A phantom (D:6)
  2 scorpions
  2 wyvern skeletons
  A water moccasin skeleton (D:5)
  3 electric eels (Bailey)
  A howler monkey (D:6)
  A bullfrog zombie (D:5)
  A jelly (D:6)
  6 hounds
  2 centaur zombies (D:5)
  2 bullfrog skeletons (D:6)
  4 iguanas
  2 centaur skeletons
  Terence (D:2)
  A hound skeleton (D:5)
  6 gnolls
  10 adders
  4 river rats
  A shadow imp (D:6)
  A white imp (D:7)
  An ufetubus (D:6)
  An adder skeleton (D:4)
  An adder zombie (D:5)
  A worm (D:3)
  8 dart slugs
  9 orcs
  10 endoplasms
  9 giant cockroaches
  21 goblins
  10 hobgoblins
  4 jackals (D:1)
  7 quokkas
  6 ball pythons
  3 bats
  8 frilled lizards
  5 kobolds
  18 rats
186 creatures vanquished.

Vanquished Creatures (others)
  An orc wizard (D:6)
1 creature vanquished.

Grand Total: 187 creatures vanquished

Notes
Turn   | Place    | Note
-------+----------+-------------------------------------------
     0 | D:1      | Kaptain the Gargoyle Earth Elementalist began the quest for
                  | the Orb.
     0 | D:1      | Reached XP level 1. HP: 10/10 MP: 3/3
   178 | D:1      | Reached XP level 2. HP: 16/16 MP: 5/5
   363 | D:1      | Reached skill level 4 in Earth Magic
   366 | D:1      | Reached XP level 3. HP: 15/20 MP: 3/6
   426 | D:1      | Learned a level 3 spell: Stone Arrow
  1182 | D:2      | Noticed Terence
  1201 | D:2      | Killed Terence
  1202 | D:2      | Reached skill level 1 in Armour
  1202 | D:2      | Reached skill level 1 in Conjurations
  1202 | D:2      | Reached XP level 4. HP: 24/24 MP: 2/7
  1296 | D:2      | Reached skill level 1 in Fighting
  1545 | D:3      | Found an opulent altar of Gozag.
  2050 | D:3      | Found a faded altar of an unknown god.
  2268 | D:4      | Reached XP level 5. HP: 29/29 MP: 9/9
  2587 | D:4      | Reached XP level 6. HP: 21/34 MP: 0/10
  3196 | D:5      | Entered Level 5 of the Dungeon
  3215 | D:5      | Reached skill level 5 in Earth Magic
  3505 | D:5      | Noticed a wyvern
  3508 | D:5      | Killed a wyvern
  3509 | D:5      | Reached XP level 7. HP: 40/40 MP: 3/12
  4080 | D:5      | Found an iron altar of Okawaru.
  4244 | D:5      | Found a runed translucent door.
  4246 | D:5      | Noticed Tzialkovskiy's ghost (novice GrFi)
  4875 | D:6      | Reached XP level 8. HP: 40/45 MP: 9/14
  4881 | D:6      | Reached skill level 6 in Earth Magic
  4953 | D:6      | Found a glowing drain.
  4966 | Sewer    | Entered a sewer
  6261 | D:6      | Identified the +0 robe of Tenacity {Int+6}
  6628 | D:7      | Noticed a two-headed ogre
  6657 | D:7      | Found a flagged portal.
  6665 | D:7      | Reached skill level 5 in Conjurations
  6665 | D:7      | Reached skill level 7 in Earth Magic
  6672 | D:7      | Reached XP level 9. HP: 34/51 MP: 0/16
  6682 | Bailey   | Entered a bailey
  6857 | Bailey   | Reached skill level 5 in Spellcasting
  7233 | Bailey   | Noticed an orc sorcerer
  7241 | Bailey   | Paralysed by an orc sorcerer for 3 turns
  7249 | Bailey   | Killed an orc sorcerer
  7250 | Bailey   | Reached skill level 5 in Stealth
  7571 | Bailey   | Identified the +0 plate armour "Juh Haok" {rCorr Int+3}
  7853 | Bailey   | Identified the +8 shortbow of Enta {vorpal, rF- Will-
                  | Int+10 Dex+5}
  7965 | Bailey   | Reached skill level 8 in Earth Magic
  8069 | Bailey   | Found an iron altar of Okawaru.
  8071 | Bailey   | Noticed an orc sorcerer
  8096 | Bailey   | Paralysed by an orc sorcerer for 7 turns
  8102 | Bailey   | Slain by an orc sorcerer

Illustrated notes

Levels and vault maps discovered:
D:1:      dpeg_arrival_leaves_temple_mockup, layout_loops_ring,
          minmay_tromino_v4_b
D:2:      layout_rooms, uniq_terence
D:3:      layout_rooms, lemuel_crystal_altar,
          dilly_ecumenical_altar_fadedgnrine, serial_glass, glass_columns_c,
          glass_columns_c
D:4:      minmay_chambers_of_threes, layout_basic
D:5:      layout_basic, kennysheep_okawaru_gauntlet, ebering_ghost_inner_flame,
          grunt_ministairs_12
D:6:      layout_rooms, portal_sewer_entry_e
D:7:      layout_cave_pools, minmay_temple_entry_fiery, enter_bailey_2,
          uniq_maggie
Bailey:   bailey_axe_of_yendor_kennysheep, bailey

Skill      XL: |  1  2  3  4  5  6  7  8  9 |
---------------+----------------------------+-----
Earth Magic    | 4 5 7 8 |  8.0
Armour         | 1 2 3 4 |  4.2
Conjurations   | 1 2 3 5 6 |  6.1
Fighting       | 1 2 3 4 |  4.2
Dodging        | 2 3 |  3.8
Stealth        | 3 4 5 |  5.3
Spellcasting   | 3 4 5 |  5.7
Transmutations | |  0.7

Action                   |  1- 3 |  4- 6 |  7- 9 || total
-------------------------+-------+-------+-------++-------
Melee: Short sword       |    65 |       |       ||    65
       Punch             |     1 |     4 |     1 ||     6
       Whip              |       |   152 |    42 ||   194
       Hand axe          |       |       |    17 ||    17
 Cast: Sandblast         |    31 |    27 |   172 ||   230
       Stone Arrow       |       |     2 |    29 ||    31
Evoke: Wand              |       |       |    22 ||    22
  Use: Scroll            |       |     5 |     3 ||     8
       Potion            |       |       |     1 ||     1
 Stab: Sleeping          |     5 |    10 |       ||    15
Armor: Robe              |    14 |    52 |       ||    66
       Leather armour    |       |     7 |    96 ||   103
Dodge: Dodged            |    61 |    92 |   106 ||   259
